 Dungeon Crawl Stone Soup version 0.29.1-1-gd02db6906a (console) character file.

Game seed: 8836611397188903034

53 shmup the Insei (level 3, -1/26 HPs)
             Began as a Demonspawn Transmuter on Sept 18, 2022.
             Succumbed to an adder's poison
             ... on level 2 of the Dungeon.
             The game lasted 00:03:42 (1942 turns).

shmup the Insei (Demonspawn Transmuter)             Turns: 1942, Time: 00:03:42

Health: -1/26      AC:  2    Str: 10    XL:     3   Next: 62%
Magic:  5/6        EV: 12    Int: 18    God:
Gold:   71         SH:  0    Dex: 13    Spells: 5/6 levels left

rFire   . . .      SeeInvis .     - Unarmed
rCold   . . .      Faith    .   (no shield)
rNeg    . . .      Spirit   .   a - +0 robe
rPois   .          Reflect  .   (helmet currently unavailable)
rElec   .          Harm     .   (no cloak)
rCorr   .          Rampage  .   (no gloves)
Will    .....                   (boots currently unavailable)
Stlth   +.........              (no amulet)
HPRegen 0.08/turn               (no ring)
MPRegen 0.10/turn               (no ring)

@: lethally poisoned (-1 -> -20), appendages (expiring)
A: horns 2, talons 2, big brain 1, demonic touch 1
a: End Transformation


You were on level 2 of the Dungeon.
You had temporarily grown beastly horns and talons.
You visited 1 branch of the dungeon, and saw 2 of its levels.

You collected 71 gold pieces.

Inventory:

Missiles
 c - 6 stones (quivered)
 d - 6 javelins
Armour
 a - a +0 robe (worn)
 j - a +0 pair of boots (melded)
Scrolls
 e - 2 scrolls of identify {unknown}
 f - 2 scrolls of immolation {unknown}
 i - a scroll of vulnerability {unknown}
Potions
 b - a potion of lignification
 g - a potion of flight {unknown}
 h - 2 potions of attraction {unknown}
 k - a potion of invisibility {unknown}
 l - a potion of curing {unknown}


   Skills:
 - Level 1.0 Fighting
 - Level 1.7 Dodging
 * Level 3.8 Unarmed Combat
 - Level 2.0 Spellcasting
 + Level 2.5 Transmutations


You had 5 spell levels left.
You knew the following spells:

 Your Spells              Type           Power      Damage    Failure   Level
a - Beastly Appendage     Tmut           20%        N/A       6%          1

Your spell library contained the following spells:

 Spells                   Type           Power      Damage    Failure   Level
 Wereblood                Tmut           10%        N/A       10%         2
 Spider Form              Tmut/Pois      6%         N/A       32%         3
 Ice Form                 Ice/Tmut       6%         N/A       71%         4


Dungeon Overview and Level Annotations

Branches:
Dungeon (2/15)

Altars:


Innate Abilities, Weirdness & Mutations

You have temporarily grown beastly horns and talons.
You have an unusually large brain. (Int +2)
Your touch may inflict minor irresistible damage on your foes.


Message History

You barely miss the adder. The adder completely misses you.
The adder closely misses you.
You completely miss the adder. You headbutt the adder.
The adder is moderately wounded.
The adder bites you. x2
You are poisoned.
The adder poisons you!
You barely miss the adder. You claw the adder. Your headbutt misses the adder.
The adder is heavily wounded.
You feel sick. The adder bites you.
You are more poisoned.
The adder poisons you! The adder bites you but does no damage.
You miss the adder. Your kick misses the adder. Your headbutt misses the adder.
You touch the adder.
You kill the adder!
You feel sick. The adder bites you.
You miss the adder. Your kick misses the adder.
You feel sick. The adder closely misses you. The adder bites you.
* * * LOW HITPOINT WARNING * * *
You are more poisoned.
The adder poisons you!
You hit the adder.
The adder is moderately wounded.
You feel sick. The adder bites you.
* * * LOW HITPOINT WARNING * * *
You are more poisoned.
The adder poisons you!
You closely miss the adder. Your headbutt misses the adder.
The adder is lightly wounded.
* * * LOW HITPOINT WARNING * * *
You feel very sick. The adder bites you.
* * * LOW HITPOINT WARNING * * *
You are more poisoned.
The adder poisons you!
You completely miss the adder. Your kick misses the adder.
Your headbutt misses the adder. Your touch misses the adder.
The adder is lightly wounded.
Your transformation is almost over.
You die...

.........▒ ▒▒▒▒▒
.........▒ ▒...▒
▒........▒ ▒...+
▒......[.▒ ▒...▒
▒........▒ ▒...▒ ▒▒▒▒
▒........▒▒▒...▒ .....
▒........▒▒....▒ ▒.....
▒..............▒▒▒......
......▒▒▒.▒▒...▒....$...
........>..+...S........
......▒▒▒▒▒▒...▒6..▒▒..
......▒ ▒..S▒%..▒
......▒ ▒▒▒▒.......
......▒ ▒........▒
......▒ ▒......:.▒
......▒ ▒....|...▒
......▒ ▒........▒
......▒ ▒........▒
......▒ ▒▒▒▒▒.▒ ▒.▒


You could see an adder.

Vanquished Creatures
  2 adders (D:2)
  A dart slug (D:1)
  2 ball pythons
  9 endoplasms
  2 giant cockroaches
  A goblin (D:1)
  2 hobgoblins (D:1)
  4 jackals (D:1)
  3 kobolds (D:1)
  A quokka (D:1)
27 creatures vanquished.

Notes
Turn   | Place    | Note
-------+----------+-------------------------------------------
     0 | D:1      | shmup the Demonspawn Transmuter began the quest for the
                  | Orb.
     0 | D:1      | Reached XP level 1. HP: 15/15 MP: 3/3
   267 | D:1      | Reached skill level 3 in Unarmed Combat
   291 | D:1      | Gained mutation: You have an unusually large brain. (Int
                  | +2) [demonic ancestry]
   291 | D:1      | Reached XP level 2. HP: 3/21 MP: 5/5
   928 | D:1      | Found a faded altar of an unknown god.
  1627 | D:1      | Gained mutation: Your touch may inflict minor irresistible
                  | damage on your foes. [demonic ancestry]
  1627 | D:1      | Reached XP level 3. HP: 26/26 MP: 6/6
  1942 | D:2      | Succumbed to an adder's poison

Illustrated notes

Levels and vault maps discovered:
D:1:      enne_arrival_octagon_isle, layout_loops_ring,
          shapermc_ecumenical_altar_mp_vishouse
D:2:      layout_basic

Skill      XL: |  1 |
---------------+----+-----
Unarmed Combat | 3 |  3.8
Transmutations | 2 |  2.5
Fighting       | |  1.0
Dodging        | |  1.7
Spellcasting   | |  2.0

Action                   || total
-------------------------++-------
Melee: Unarmed           ||    95
       Kick              ||     7
       Punch             ||     2
       Touch             ||     5
       Headbutt          ||     2
 Cast: Beastly Appendage ||     6
 Stab: Sleeping          ||     3
Armor: Robe              ||    17
Dodge: Dodged            ||    52
